 Dungeon Crawl Stone Soup version 0.32-a0-473-gd044c6f0f0 (webtiles) character file.

Game seed: 5830490943186101573

119 cforsyth the Trooper (level 5, -2/42 HPs)
             Began as a Coglin Gladiator on Feb 25, 2024.
             Slain by Grinder (5 damage)
             ... on level 4 of the Dungeon.
             The game lasted 00:03:48 (2637 turns).

cforsyth the Trooper (Coglin Gladiator)             Turns: 2637, Time: 00:03:49

Health: -2/42      AC:  5    Str: 17    XL:     5   Next: 3%
Magic:  5/5        EV: 12    Int:  7    God:
Gold:   188        SH:  0    Dex: 15    Spells: 4/4 levels left

rFire   . . .        a - +0 long sword {Chinhae}
rCold   . . .        g - +0 dagger {Hwan}
rNeg    . . .        b - +0 leather armour
rPois   .            c - +0 helmet
rElec   .            (no cloak)
rCorr   .            (no gloves)
SInv    .            l - +0 pair of boots
Will    .....        t - amulet of regeneration
Stlth   +            (ring unavailable)
HPRegen 1.07/turn    (ring unavailable)
MPRegen 0.09/turn

%: no passive effects
@: revved
A: off-hand wielding, slow wielding, warmup strikes, no rings
a: no special abilities


You were on level 4 of the Dungeon.
You visited 1 branch of the dungeon, and saw 4 of its levels.

You collected 188 gold pieces.


Innate Abilities, Weirdness & Mutations

You can wield a second weapon in your off-hand.
It takes a long time for you to wield or remove held weapons.
Your first few attacks do less damage.
Your grasper-arms cannot wear rings.


   Skills:
 + Level 3.8 Fighting
 - Level 3.0 Long Blades
 - Level 1.7 Throwing
 + Level 2.7 Armour
 - Level 2.6 Dodging


You had 4 spell levels left.
You didn't know any spells.
Your spell library contained the following spells:

 Spells                   Type           Power      Damage    Failure   Level
 Magic Dart               Conj           0%         1d3       50%         1
 Searing Ray              Conj           0%         2d4       63%         2
 Fulminant Prism          Conj/Alch      0%         3d5       99%         4

Inventory:

Hand Weapons
 a - a +0 long sword (weapon) {Chinhae}
 g - a +0 dagger (offhand) {Hwan}
Missiles
 d - 3 throwing nets (quivered) {=f}
 e - a javelin
Armour
 b - a +0 leather armour (worn)
 c - a +0 helmet (worn)
 l - a +0 pair of boots (worn)
Magical Staves
 p - a staff of air {!a}
Jewellery
 t - an amulet of regeneration (around neck)
Scrolls
 f - a scroll of butterflies {unknown}
 h - a scroll of immolation
 i - 2 scrolls of identify {unknown}
 j - a scroll of fog {unknown}
 n - 2 scrolls of teleportation {unknown}
 o - a scroll of acquirement {unknown}
 s - a scroll of poison {unknown}
Potions
 k - a potion of curing {unknown}
 m - 3 potions of resistance {unknown}
 q - a potion of ambrosia {unknown}
 r - a potion of haste {unknown}
 u - a potion of heal wounds {unknown}

Dungeon Overview and Level Annotations

Branches:
Dungeon (4/15)
 Temple: D:4-7

Altars:

Annotations:
D:4 Grinder

#######
#.....#######
#..<........#
▒.............
▒#..@5........
#........>...
#............
#..........?.
##...........
#...........
#..........
##........


You could see Grinder.


Message History

* * * LOW HITPOINT WARNING * * *
You writhe in agony.
* * * LOW HITPOINT WARNING * * *
Unknown command.
You hit Grinder but do no damage.
Grinder is heavily wounded.
You closely miss Grinder with your +0 long sword.
Grinder hits you.
* * * LOW HITPOINT WARNING * * *
You writhe in agony.
* * * LOW HITPOINT WARNING * * *
You hit Grinder with your +0 dagger.
Grinder is heavily wounded.
You hit Grinder with your +0 long sword.
Grinder hits you.
* * * LOW HITPOINT WARNING * * *
You writhe in agony.
* * * LOW HITPOINT WARNING * * *
You closely miss Grinder with your +0 dagger.
Grinder is severely wounded.
You barely miss Grinder with your +0 long sword.
Grinder closely misses you.
Unknown command.
You closely miss Grinder with your +0 long sword.
Grinder is severely wounded.
You hit Grinder but do no damage. Grinder hits you.
* * * LOW HITPOINT WARNING * * *
You writhe in agony.
You die...
Grinder says, "Now the real fun starts!"

Skill      XL: |  1  2  3 |
---------------+----------+-----
Armour         | 1 2 |  2.7
Fighting       | 3 |  3.8
Long Blades    | |  3.0
Throwing       | |  1.7
Dodging        | |  2.6

Action                     |  1- 3 |  4- 6 || total
---------------------------+-------+-------++-------
  Melee: Long sword        |   115 |    54 ||   169
         Dagger            |    51 |    48 ||    99
   Stab: Sleeping          |       |     1 ||     1
 Armour: Leather armour    |    71 |    29 ||   100
  Dodge: Dodged            |   119 |    26 ||   145

Levels and vault maps discovered:
D:1:      minmay_arrival_up_and_down, layout_basic,
          hellmonk_ecumenical_altar_blasted, minmay_tall_x
D:2:      layout_basic
D:3:      layout_loops_ring, st_stairs_10, mrwooster_statue_mirror,
          chequers_arboretum
D:4:      minmay_polygon_palace, layout_cave_pods, lightli_temple_of_fire,
          gup_sewer_entry_spiral, minmay_strange_pillars, uniq_pikel,
          uniq_grinder, uniq_sigmund

Notes
Turn   | Place    | Note
-------+----------+-------------------------------------------
     0 | D:1      | cforsyth the Coglin Gladiator began the quest for the Orb.
     0 | D:1      | Reached XP level 1. HP: 16/16 MP: 1/1
    81 | D:1      | Reached XP level 2. HP: 13/23 MP: 2/2
   160 | D:1      | Reached skill level 1 in Armour
   368 | D:1      | Reached XP level 3. HP: 6/28 MP: 3/3
   648 | D:1      | Found a faded altar of an unknown god.
   766 | D:1      | Reached skill level 3 in Fighting
  1347 | D:2      | Reached skill level 2 in Armour
  1704 | D:3      | Reached XP level 4. HP: 35/35 MP: 4/4
  2227 | D:3      | Reached XP level 5. HP: 42/42 MP: 5/5
  2618 | D:4      | Noticed Grinder
  2624 | D:4      | Paralysed by Grinder for 5 turns
  2635 | D:4      | HP: 2/42 [Grinder (6)]
  2637 | D:4      | Slain by Grinder

Vanquished Creatures
  An iguana (D:3)
  2 adders (D:3)
  A gnoll (D:1)
  A dart slug (D:2)
  An orc (D:3)
  7 endoplasms
  4 giant cockroaches
  6 hobgoblins
  7 jackals (D:1)
  A quokka (D:3)
  6 ball pythons
  7 bats
  4 frilled lizards
  4 goblins
  6 kobolds
  4 rats
62 creatures vanquished.

Table legend: (Time is in decaauts)
 A = Elapsed time spent in this place.
 B = Non-inter-level travel time spent in this place.
 C = Inter-level travel time spent in this place.
 D = Time resting spent in this place.
 E = Time spent auto-exploring this place.
 F = Levels seen in this place.
 G = Mean time per level.
                   A        B        C        D        E       F      G
               +--------+--------+--------+--------+--------+-----+--------+
         Total |   2659 |   2561 |     98 |      3 |   2044 |   4 |  664.8 |
       Dungeon |   2659 |   2561 |     98 |      3 |   2044 |   4 |  664.8 |
               +--------+--------+--------+--------+--------+-----+--------+

Top non-repeatable levels by time:
     D:1: 1074 daAuts
     D:3: 941 daAuts
     D:2: 623 daAuts
     D:4: 19 daAuts

Table legend:
 A = Non-vault XP
 B = Vault XP
 C = Vault XP percentage of total XP
 D = Non-vault monster count
 E = Vault monster count
 F = Vault count percentage of total count
                 A         B        C        D         E       F
            +---------+---------+-------+---------+---------+-------
      Total |     149 |      22 |  12.9 |      56 |       6 |   9.7
            +---------+---------+-------+---------+---------+-------
        D:1 |      36 |      18 |  33.3 |      24 |       4 |  14.3
        D:2 |      27 |       0 |   0.0 |      17 |       0 |   0.0
        D:3 |      86 |       4 |   4.4 |      15 |       2 |  11.8
            +---------+---------+-------+---------+---------+-------
